 Dungeon Crawl Stone Soup version bcrawl-1.28.1b (webtiles) character file.

Game seed: 16000263869532329223

373444 Morbidden the Eclecticist (level 12, -23/97 HPs)
             Began as a Djinni Air Elementalist on Dec 20, 2020.
             Was an Elder of Vehumet.
             Killed by an exploding ball lightning (36 damage)
             ... created by the player character
             ... on level 3 of the Lair of Beasts.
             The game lasted 00:34:18 (15397 turns).

Morbidden the Eclecticist (DjAE)                   Turns: 15397, Time: 00:34:19

Health: -23/97     AC:  6    Str: 11    XL:     12   Next: 70%
Magic:  0/37       EV: 15    Int: 23    God:    Vehumet [****..]
Gold:   1069       SH:  4    Dex: 14    Spells: 10/41 levels left

rFire    + . .     SeeInvis .   a - +3 dagger (venom)
rCold    + . .     Gourm    .   (no shield)
rNeg     . . .     Faith    .   w - +0 troll leather armour
rPois    +         Spirit   +   (no helmet)
rElec    .         Reflect  .   E - scarf {repulsion}
rCorr    .         Harm     .   y - +0 pair of gloves
MR       +....     Rnd*Rage +   (boots unavailable)
Stlth    ++........             T - amulet of guardian spirit
HPRegen  0.66/turn              S - ring of wizardry
MPRegen  0.25/turn              P - ring of Xom's Bemusement {rPois rC+}

@: flying, repel missiles
A: never pass out, large bone plates 1, flexible skeleton 1, berserk 2, blink,
blurry vision 2, fire resistance 1, high mp 2, screaming 1, wild magic 3,
disrupted magic 1, MP-powered wands, floating
a: Blink, Renounce Religion


You were on level 3 of the Lair of Beasts.
You worshipped Vehumet.
Vehumet was greatly pleased with you.
You were not hungry.

You visited 3 branches of the dungeon, and saw 14 of its levels.
You also visited: Sewer.

You collected 1069 gold pieces.

Inventory:

Hand Weapons
 a - a +3 dagger of venom (weapon)
 b - a +3 scimitar
 f - a +4 morningstar
 s - a +0 blowgun
Missiles
 t - 22 curare-tipped needles
 B - 129 poisoned tomahawks (quivered)
Armour
 v - a +3 ring mail of poison resistance
 w - a +0 troll leather armour (worn)
 y - a +0 pair of gloves (worn)
 E - a scarf of repulsion (worn)
 K - +0 ice dragon scales
Jewellery
 d - an uncursed ring of protection from magic
 P - the ring of Xom's Bemusement (right hand) {rPois rC+}
   (You found it on level 2 of the Lair of Beasts)

   [ring of poison resistance]

   It protects you from cold.
   It protects you from poison.
 S - a ring of wizardry (left hand)
 T - an amulet of guardian spirit (around neck)
Wands
 g - a wand of random effects (10)
 C - a wand of scattershot (6)
 D - a wand of flame (45)
 G - a wand of digging (9)
 H - a wand of clouds (2)
 I - a wand of polymorph (35)
 L - a wand of iceblast (2)
 M - a wand of paralysis (11)
 N - a wand of disintegration (15)
Scrolls
 i - 11 scrolls of teleportation
 j - 5 scrolls of enchant weapon
 k - a scroll of fear
 m - 5 scrolls of immolation
 p - 14 scrolls of remove curse
 z - 6 scrolls of identify
 A - 4 scrolls of blinking
 J - 2 scrolls of amnesia
 O - 2 scrolls of fog
 Q - a scroll of enchant armour
Potions
 c - 5 potions of flight
 l - a potion of haste
 n - a potion of heal wounds
 o - a potion of lignification
 q - 4 potions of might
 r - 5 potions of curing
 u - 2 potions of ambrosia
 x - a potion of brilliance
 F - a potion of magic
Comestibles
 e - 18 rations {!d}
 R - 2 chunks of flesh


   Skills:
 * Level 6.9 Fighting
 + Level 2.0 Short Blades
 + Level 0.1 Throwing
 * Level 5.6 Armour
 * Level 6.8 Dodging
 + Level 1.9 Stealth
 * Level 15.4 Spellcasting
 * Level 7.7 Conjurations
 * Level 0.4 Hexes
 * Level 0.3 Charms
 * Level 0.3 Necromancy
 * Level 13.9 Air Magic


You had 10 spell levels left.
You knew the following spells:

 Your Spells              Type           Power        Failure   Level  Hunger
a - Airstrike             Air            ########..   1%          4    None
b - Static Discharge      Air            ########     1%          3    None
c - Lightning Bolt        Conj/Air       #######...   1%          5    None
d - Swiftness             Chrm/Air       #######.     2%          2    None
e - Shock                 Conj/Air       #####        1%          1    None
f - Conjure Ball Lightni  Conj/Air       #######...   3%          6    ##.....
g - Tukima's Dance        Hex            #####...     16%         3    None
x - Regeneration          Chrm/Necr      #####.....   16%         3    None
z - Sticky Flame          Conj/Fire      ######..     4%          4    None

Your spell library contained the following spells:

 Spells                   Type           Power        Failure   Level  Hunger
 Dazzling Orbs            Conj/Hex       ######.      6%          3    None
 Apportation              Tloc           ####..       9%          1    None
 Blink Other              Tloc           ####..       9%          1    None
 Corona                   Hex            #####..      9%          1    None
 Infusion                 Chrm           #####...     9%          1    None
 Summon Small Mammal      Summ           ####         9%          1    None
 Song of Slaying          Chrm           #####...     11%         2    None
 Blink                    Tloc           N/A          12%         2    None
 Call Imp                 Summ           ####..       12%         2    None
 Ensorcelled Hibernation  Hex/Ice        #####.       12%         2    None
 Passwall                 Tmut/Erth      ####....     12%         2    None
 Summon Lightning Spire   Summ/Air       #######.     12%         5    None
 Confuse                  Hex            #####...     16%         3    None
 Spectral Weapon          Hex/Chrm       #####...     16%         3    None
 Call Canine Familiar     Summ           ####....     17%         3    None
 Ozocubu's Armour         Chrm/Ice       #####...     17%         3    None
 Portal Projectile        Tloc           ####..       17%         3    None
 Teleport Other           Tloc           ####....     17%         3    None
 Lee's Rapid Deconstruct  Erth           ####......   24%         5    None
 Summon Ice Beast         Ice/Summ       ####....     38%         4    None
 Passage of Golubria      Tloc           N/A          67%         5    None
 Darkness                 Hex            #####.....   97%         6    ##.....
 Invisibility             Hex            #####...     97%         6    ##.....


Dungeon Overview and Level Annotations

Branches:
Dungeon (10/12)            Temple (1/1) D:4            Lair (3/6) D:8
  Swamp (0/3) Lair:2       Spider (0/3) Lair:2          Orc (0/1) D:9

Altars:
Ashenzari
Cheibriados
Dithmenos
Elyvilon
Fedhas
Gozag
Hepliaklqana
Kikubaaqudgha
Lugonu
Makhleb
Nemelex Xobeh
Okawaru
Qazlal
Ru
Sif Muna
Trog
Uskayaw
Vehumet
Wu Jian
Xom
Yredelemnul
Zin
The Shining One

Shops:
D:8 =

Annotations:
Lair:3 exclusion: 2 oklob plants


Innate Abilities, Weirdness & Mutations

You never pass out after going berserk.
You often lose your temper in combat.
You can translocate small distances at will.
Scrolls take you longer to read.
Your flesh is heat resistant. (rF+)
You have a considerably increased reservoir of magic. (+20% MP)
Your spells are much harder to cast, but much more powerful.
Your casting is slightly disrupted.
You expend magic power (3 MP) to strengthen your wands.
Your body floats in the air.
You are partially covered in large bone plates. (SH +4)
Your skeleton is somewhat flexible. (Dex +3)
You occasionally shout uncontrollably at your foes.


Message History

Unknown command.
Unknown command.
Your ball lightning explodes!
The blast of lightning engulfs your ball lightning.
Your ball lightning completely resists.
Your ball lightning explodes!
The blast of lightning engulfs the plant!
The plant is lightly damaged.
You hear an angry hiss.
Unknown command.
Unknown command.
Unknown command.
Your ball lightning explodes!
The blast of lightning engulfs your ball lightning.
Your ball lightning completely resists.
The blast of lightning engulfs you!!!
* * * LOW HITPOINT WARNING * * *
Your ball lightning explodes!
The blast of lightning engulfs you!!!
You die...

........#.###P.....>##
.....####.# ##.......#
.....P# ### #.......#
.....P# #.P+..###
.##'### ###.#.## #....#
### ##..#.# ##+#.##
#...#.#รท#.#### #....P##
#............#
#......##.#.....@.....##
.........##..........##
+....##..#.........".#
.....# P(.#..........#
#..[.# #..........>.#
#.....# #.........(...
#....P# ##...........)(P
##...##
###...P##.....$). #..P#
##... ...P(.?.P


There were no monsters in sight!

Vanquished Creatures
  An ice dragon (Lair:2)
  A hydra (Lair:2)
  2 two-headed ogres
  A centaur warrior (D:10)
  A death yak (Lair:2)
  Sonja (D:10)
  A wolf spider zombie (D:7)
  3 ugly things
  2 oklob plants (Lair:3)
  2 black mambas
  2 torpor snails
  An ice statue (Lair:2)
  A komodo dragon (Lair:1)
  A rime drake (Lair:3)
  A polar bear (shapeshifter) (D:8)
  A troll (D:8)
  A hornet (Lair:2)
  9 polar bears
  7 hippogriffs
  3 dream sheep (Lair:3)
  4 blink frogs (Lair:1)
  A bog body (Lair:2)
  4 redbacks (Lair:2)
  A spriggan (D:7)
  3 yaks (D:8)
  2 basilisks
  Grum (D:8)
  A hungry ghost (D:6)
  2 wargs (D:8)
  2 crocodiles
  4 water moccasins
  A porcupine (Lair:3)
  2 sky beasts
  9 orc warriors
  2 black bears
  5 ice beasts
  7 ogres
  2 centaurs
  4 wolves (Lair:1)
  9 bullfrogs
  3 big kobolds
  Blork the orc (D:6)
  3 scorpions
  9 killer bees
  A howler monkey (D:9)
  3 wights (D:6)
  6 crimson imps
  2 centaur zombies
  A quasit (D:8)
  2 jellies
  4 bullfrog skeletons
  9 orc priests
  10 hounds
  13 orc wizards
  A centaur skeleton (D:4)
  4 iguanas
  4 worker ants
  A hound zombie (D:6)
  A hound skeleton (D:5)
  A worker ant zombie (D:9)
  2 river rats (Sewer)
  12 adders
  A shadow imp (D:10)
  3 white imps
  2 adder zombies
  2 worms
  3 dart slugs
  3 leopard geckos
  43 orcs
  10 giant cockroaches
  6 goblins
  10 hobgoblins
  12 jackals
  11 quokkas
  7 bats
  4 frilled lizards
  A goblin skeleton (D:5)
  2 goblin zombies (D:5)
  2 hobgoblin zombies (D:5)
  22 kobolds
  3 kobold skeletons (D:5)
  A kobold zombie (D:5)
  An orc skeleton (D:5)
  3 orc zombies (D:5)
  9 rats
  3 plants (Lair:3)
365 creatures vanquished.

Vanquished Creatures (others)
  7 ball lightnings
  2 fungi (Lair:2)
9 creatures vanquished.

Grand Total: 374 creatures vanquished

Notes
Turn   | Place    | Note
-------+----------+-------------------------------------------
     0 | D:1      | Morbidden the Djinni Air Elementalist began the quest for
                  | the Orb.
     0 | D:1      | Reached XP level 1. HP: 14/14 MP: 4/4
   293 | D:1      | Reached XP level 2. HP: 16/20 MP: 3/6
   935 | D:1      | Reached XP level 3. HP: 26/26 MP: 6/8
  1321 | D:2      | Reached skill level 4 in Spellcasting
  1414 | D:2      | Learned a level 3 spell: Static Discharge
  1542 | D:2      | Gained mutation: Your spells are harder to cast, but more
                  | powerful. [Djinni growth]
  1542 | D:2      | Gained mutation: You can translocate small distances at
                  | will. [Djinni growth]
  1542 | D:2      | Reached XP level 4. HP: 34/34 MP: 7/10
  1819 | D:2      | Reached skill level 1 in Fighting
  2724 | D:3      | Reached skill level 5 in Air Magic
  2853 | D:3      | Reached XP level 5. HP: 40/40 MP: 4/12
  3327 | D:3      | Reached skill level 5 in Spellcasting
  3675 | D:4      | Reached XP level 6. HP: 48/48 MP: 12/14
  3955 | D:4      | Reached skill level 1 in Armour
  3955 | D:4      | Reached skill level 6 in Spellcasting
  3961 | D:4      | Learned a level 4 spell: Airstrike
  3987 | D:4      | Reached XP level 7. HP: 55/55 MP: 12/16
  4338 | D:4      | Found a staircase to the Ecumenical Temple.
  4452 | Temple   | Entered the Ecumenical Temple
  4592 | Temple   | Became a worshipper of Vehumet
  4969 | D:5      | Entered Level 5 of the Dungeon
  5312 | D:5      | Reached skill level 7 in Spellcasting
  5412 | D:5      | Found a shattered altar of Ashenzari.
  5685 | D:5      | Gained mutation: Your spells are much harder to cast, but
                  | much more powerful. [Djinni growth]
  5685 | D:5      | Reached XP level 8. HP: 62/62 MP: 16/19
  5774 | D:5      | Found a glowing golden altar of the Shining One.
  5778 | D:5      | Reached * piety under Vehumet
  5778 | D:5      | Offered knowledge of Sandblast by Vehumet.
  6301 | D:6      | Noticed Blork the orc
  6311 | D:6      | Noticed a hippogriff
  6388 | D:6      | Reached skill level 8 in Spellcasting
  6419 | D:6      | Reached skill level 1 in Short Blades
  6457 | D:6      | Killed a hippogriff
  6605 | D:6      | Gained mutation: Your skeleton is somewhat flexible. (Dex
                  | +3) [potion of mutation]
  6605 | D:6      | Gained mutation: You occasionally shout uncontrollably at
                  | your foes. [potion of mutation]
  6605 | D:6      | Gained mutation: You are partially covered in large bone
                  | plates. (SH +4) [potion of mutation]
  6615 | D:6      | Reached skill level 9 in Spellcasting
  6615 | D:6      | Found a glowing drain.
  6655 | Sewer    | Entered a sewer
  6665 | Sewer    | Reached XP level 9. HP: 54/71 MP: 8/22
  6892 | Sewer    | Found a white marble altar of Elyvilon.
  7000 | D:6      | Offered knowledge of Sting by Vehumet.
  7007 | D:6      | Reached ** piety under Vehumet
  7016 | D:6      | Killed Blork the orc
  7371 | D:7      | Learned a level 2 spell: Swiftness
  7516 | D:7      | Found a white marble altar of Elyvilon.
  7525 | D:7      | Found a snail-covered altar of Cheibriados.
  7525 | D:7      | Found a burning altar of Makhleb.
  7526 | D:7      | Found a bloodstained altar of Trog.
  7534 | D:7      | Found a glowing silver altar of Zin.
  7624 | D:7      | Found a basalt altar of Yredelemnul.
  8033 | D:7      | Reached skill level 10 in Spellcasting
  8456 | D:8      | Noticed a troll
  8459 | D:8      | Killed a troll
  8501 | D:8      | Found Guxeufu's Jewellery Boutique.
  8546 | D:8      | Reached XP level 10. HP: 80/80 MP: 11/24
  8614 | D:8      | Reached skill level 10 in Air Magic
  8669 | D:8      | Noticed a two-headed ogre
  8675 | D:8      | Killed a two-headed ogre
  8676 | D:8      | Reached skill level 5 in Dodging
  8676 | D:8      | Reached skill level 11 in Spellcasting
  8676 | D:8      | Reached skill level 5 in Conjurations
  8956 | D:8      | Found a staircase to the Lair.
  8970 | D:8      | Offered knowledge of Mephitic Cloud by Vehumet.
  9223 | D:8      | Reached *** piety under Vehumet
  9586 | D:8      | Noticed Grum
  9596 | D:8      | Killed Grum
  9597 | D:8      | Reached skill level 5 in Fighting
  9664 | D:8      | Found a sparkling altar of Nemelex Xobeh.
  9674 | D:8      | Reached skill level 12 in Spellcasting
  9973 | D:9      | Noticed a two-headed ogre
 10027 | D:9      | Killed a two-headed ogre
 10029 | D:9      | Offered knowledge of Sticky Flame by Vehumet.
 10029 | D:9      | Noticed a brown ugly thing
 10037 | D:8      | Learned a level 4 spell: Sticky Flame
 10288 | D:9      | Reached XP level 11. HP: 88/88 MP: 1/27
 10306 | D:9      | Reached **** piety under Vehumet
 10399 | D:9      | Found a staircase to the Orcish Mines.
 10400 | D:9      | Offered knowledge of Iskenderun's Battlesphere by Vehumet.
 10487 | D:9      | Learned a level 5 spell: Lightning Bolt
 10696 | D:9      | Killed a brown ugly thing
 11144 | D:9      | Found an iron altar of Okawaru.
 11382 | D:10     | Entered Level 10 of the Dungeon
 11404 | D:10     | Noticed a purple ugly thing
 11475 | D:10     | Noticed Sonja
 11553 | D:10     | Killed Sonja
 11554 | D:10     | Reached skill level 13 in Spellcasting
 11906 | D:10     | Noticed a red ugly thing
 11962 | D:9      | Killed a purple ugly thing
 12025 | D:10     | Killed a red ugly thing
 12031 | D:10     | Noticed a centaur warrior
 12049 | D:10     | Killed a centaur warrior
 12311 | Lair:1   | Entered Level 1 of the Lair of Beasts
 12702 | Lair:1   | Reached ***** piety under Vehumet
 12702 | Lair:1   | Offered knowledge of Conjure Ball Lightning by Vehumet.
 12703 | Lair:1   | Reached skill level 5 in Armour
 12710 | Lair:1   | Learned a level 6 spell: Conjure Ball Lightning
 12860 | Lair:1   | Reached skill level 14 in Spellcasting
 13401 | Lair:2   | Gained mutation: Your casting is slightly disrupted.
                  | [Djinni growth]
 13401 | Lair:2   | Gained mutation: Your flesh is heat resistant. (rF+)
                  | [Djinni growth]
 13401 | Lair:2   | Gained mutation: You have an increased reservoir of magic.
                  | (+10% MP) [Djinni growth]
 13401 | Lair:2   | Gained mutation: You have a considerably increased
                  | reservoir of magic. (+20% MP) [Djinni growth]
 13401 | Lair:2   | Reached XP level 12. HP: 96/96 MP: 17/36
 13465 | Lair:2   | Noticed a six-headed hydra
 13469 | Lair:2   | Killed a six-headed hydra
 13522 | Lair:2   | Noticed an ice dragon
 13608 | Lair:2   | Killed an ice dragon
 13632 | Lair:2   | Noticed a six-headed hydra
 13820 | Lair:2   | Noticed a death yak
 13849 | Lair:2   | Killed a death yak
 14108 | Lair:2   | Found a hole to the Spider Nest.
 14161 | Lair:2   | Found a staircase to the Swamp.
 14264 | Lair:2   | Reached skill level 15 in Spellcasting
 14287 | Lair:2   | Got a heavily runed amber ring
 14288 | Lair:2   | Identified the ring of Xom's Bemusement {rPois rC+} (You
                  | found it on level 2 of the Lair of Beasts)
 15177 | Lair:3   | Learned a level 3 spell: Tukima's Dance
 15181 | Lair:3   | Learned a level 3 spell: Regeneration
 15234 | Lair:3   | Identified a scroll of acquirement
 15236 | Lair:3   | Identified the +1 pair of gloves "Eniwky" {rElec Int+4}
                  | (You acquired it on level 3 of the Lair of Beasts)
 15397 | Lair:3   | Killed by an exploding ball lightning

Skill      XL: |  1  2  3  4  5  6  7  8  9 10 11 12 |
---------------+-------------------------------------+-----
Air Magic      | 4 5 7 8 9 11 12 13 | 13.9
Spellcasting   | 4 5 6 7 9 10 12 14 15 | 15.4
Fighting       | 1 2 3 4 5 6 |  6.9
Conjurations   | 2 3 4 6 7 |  7.7
Armour         | 1 2 3 4 5 |  5.6
Dodging        | 3 4 5 6 |  6.8
Short Blades   | 1 2 |  2.0
Throwing       | |  0.1
Stealth        | |  1.9
Hexes          | |  0.4
Charms         | |  0.3
Necromancy     | |  0.3

Action                   |  1- 3 |  4- 6 |  7- 9 | 10-12 || total
-------------------------+-------+-------+-------+-------++-------
Melee: Short sword       |     9 |       |       |       ||     9
       Dagger            |       |    39 |   133 |   156 ||   328
       Falchion          |       |       |     7 |       ||     7
Throw: Tomahawk          |       |       |     1 |    11 ||    12
 Cast: Shock             |    54 |    92 |    97 |     2 ||   245
       Static Discharge  |     1 |    11 |    17 |     6 ||    35
       Airstrike         |       |       |    64 |   308 ||   372
       Sticky Flame      |       |       |       |     2 ||     2
       Lightning Bolt    |       |       |       |     9 ||     9
       Conjure Ball Ligh |       |       |       |     4 ||     4
 Abil: Blink             |       |     1 |       |       ||     1
Evoke: Wand              |       |       |       |     3 ||     3
  Use: Scroll            |     1 |     3 |    12 |     9 ||    25
       Potion            |       |       |     6 |     1 ||     7
 Stab: Distracted        |       |       |       |     1 ||     1
  Eat: Chunk             |     3 |    11 |    24 |    29 ||    67
       Ration            |       |       |       |     2 ||     2
Armor: Robe              |     2 |     3 |     1 |       ||     6
       Ring mail         |       |       |    47 |       ||    47
       Troll leather arm |       |       |       |    40 ||    40
       Ice dragon scales |       |       |       |    14 ||    14
Dodge: Dodged            |    10 |    36 |   127 |   154 ||   327
       Deflected         |       |       |       |     6 ||     6
Block: Other             |       |       |     9 |    36 ||    45
